 Dungeon Crawl Stone Soup version 0.31-a0-1529-g7bd419a0e5 (webtiles) character file.

Game seed: 12152496513589512520

934 graki42 the Changeling (level 8, -7/52 HPs)
             Began as an Octopode Shapeshifter on Dec 31, 2023.
             Mangled by a centaur
             ... wielding a +0 falchion
              (10 damage)
             ... on level 6 of the Dungeon.
             The game lasted 00:11:33 (5012 turns).

graki42 the Changeling (Octopode Shapeshifter)      Turns: 5012, Time: 00:11:33

Health: -7/52      AC: -3    Str: 14    XL:     8   Next: 11%
Magic:  8/8        EV: 14    Int: 12    God:
Gold:   259        SH:  0    Dex: 13    Spells: 7/7 levels left

rFire   . . .        h - +2 dagger (venom)
rCold   . . .        (no shield)
rNeg    + . .        (helmet currently unavailable)
rPois   .            (no amulet)
rElec   .            d - ring of see invisible
rCorr   .            t - ring of positive energy
SInv    +            (no ring)
Will    .....        (no ring)
Stlth   ++++         (no ring)
HPRegen 0.28/turn    (no ring)
MPRegen 0.11/turn    (no ring)
                     (no ring)

%: no passive effects
@: beast-form, corroded
A: beast (slay +3), almost no armour, amphibious, 8 rings, camouflage 1,
gelatinous body 1, (nimble swimmer 1), tentacles
a: Begin Untransformation


You were on level 6 of the Dungeon.
You were a hulking beast.
You visited 2 branches of the dungeon, and saw 7 of its levels.

You collected 307 gold pieces.
You spent 48 gold pieces at shops.

Inventory:

Hand Weapons
 h - a +2 dagger of venom (weapon)
Missiles
 q - 2 throwing nets
Jewellery
 d - a ring of see invisible (left tentacle)
 t - a ring of positive energy (right tentacle)
 u - a +6 ring of intelligence
Talismans
 b - a beast talisman
 c - a flux talisman
 m - a serpent talisman
Wands
 l - a wand of polymorph (7)
Scrolls
 g - a scroll of teleportation
 i - a scroll of fear
 j - 3 scrolls of enchant weapon {unknown}
 k - a scroll of immolation
Potions
 a - a potion of lignification
 e - 5 potions of curing {unknown}
 f - 2 potions of ambrosia
 o - a potion of haste {unknown}
 p - a potion of attraction
 r - a potion of might {unknown}
 s - a potion of heal wounds {unknown}


   Skills:
 + Level 3.5 Fighting
 + Level 4.1 Dodging
 + Level 4.8 Stealth
 + Level 4.7 Unarmed Combat
 * Level 5.6 Shapeshifting


You had 7 spell levels left.
You didn't know any spells.
Your spell library contained the following spells:

 Spells                   Type           Power      Damage    Failure   Level
 Sting                    Conj/Alch      0%         1d3       32%         1
 Blink                    Tloc           0%         N/A       45%         2
 Lesser Beckoning         Tloc           0%         N/A       45%         2
 Mercury Vapours          Alch/Air       0%         N/A       45%         2
 Momentum Strike          Conj/Tloc      0%         3d8       45%         2
 Sublimation of Blood     Necr           0%         N/A       45%         2
 Olgreb's Toxic Radiance  Alch           0%         N/A       97%         4
 Petrify                  Alch/Erth      0%         N/A       97%         4
 Irradiate                Conj/Alch      0%         3d11      100%        5


Dungeon Overview and Level Annotations

Branches:
Dungeon (6/15)             Temple (1/1) D:5

Altars:
Ashenzari
Cheibriados
Dithmenos
Elyvilon
Fedhas
Gozag
Hepliaklqana
Kikubaaqudgha
Makhleb
Nemelex Xobeh
Qazlal
Trog
Vehumet
Wu Jian
Xom
Yredelemnul
The Shining One

Shops:
D:3 =?((


Innate Abilities, Weirdness & Mutations

You are a hulking beast.
Your limbs bulge with bestial killing power. (Slay +3)
You cannot wear most types of armour.
You are amphibious.
You can wear up to eight rings at the same time.
Your skin changes colour to match your surroundings (Stealth+).
Your rubbery body absorbs attacks. (AC +1, EV +1)
((You are camouflaged when in or above water. (Stealth+)))
You have tentacles for arms and can constrict up to eight enemies at once.


Message History

You puncture the orc priest!
The orc priest looks as sick as possible!
Your grab misses the orc priest.
The orc priest is heavily wounded.
The orc misses you. The orc priest barely misses you.
You barely miss the orc. Your grab misses the orc. You squeeze the orc!
You kill the orc!
You kill the orc priest!
The centaur zaps a wand.
The bolt of acid misses you. The orc barely misses you.
The centaur unwields a +0 falchion.
The centaur wields a +0 shortbow.
The centaur shoots an arrow.
The arrow barely misses you. The orc barely misses you.
An orc comes into view. It is wielding a +0 mace.
The orc wizard closely misses you.
The centaur shoots an arrow.
The arrow hits you.
Things that are here:
a +0 whip; a +0 leather armour; an orc corpse The centaur unwields a +0 shortbow.
The centaur wields a +0 falchion.
The centaur closely misses you. The centaur barely misses you.
The orc hits you with a +0 falchion. The orc wizard closely misses you.
You hit the centaur.
The centaur is poisoned.
The centaur is moderately wounded.
The centaur zaps a wand.
The bolt of acid hits you! The acid corrodes you!
The orc hits you with a +0 falchion.
The orc wizard points at you and mumbles some strange words.
The puff of flame hits you!
* * * LOW HITPOINT WARNING * * *
The centaur zaps a wand.
The bolt of acid misses you.
You hit the centaur but do no damage.
The centaur looks as sick as possible!
The centaur is moderately wounded.
The orc hits you with a +0 falchion.
* * * LOW HITPOINT WARNING * * *
The orc wizard hits you with a +0 dagger.
* * * LOW HITPOINT WARNING * * *
The centaur zaps a wand.
The bolt of acid misses you.
You hit the centaur.
Your tentacle-slap misses the centaur.
You squeeze the centaur.
The centaur is severely wounded.
The centaur hits you with a +0 falchion!
You die...

.......D..#.#.#.#.
##..=......#.#.#.#.#....
.#..........#.#.#.#.....
.#...........#.#.#......
.#............#.#.......
.#.............#........
.#.................o.#
.#............)oo....+
.#.......$.....)hc...#
.######'####+##......#
..........# #......#
.##.......# #......#
.##..##...# #......+
.######...# #......#
.....###+## ########
....>.... .........


You could see a centaur (extremely poisoned), an orc wizard and 2 orcs.

Vanquished Creatures
  2 black bears (D:5)
  An ogre (D:5)
  A phantom (D:4)
  3 hounds
  A jelly (D:5)
  3 orc priests
  3 iguanas
  2 orc wizards (D:4)
  Robin (D:4)
  5 gnolls
  5 adders
  A shadow imp (D:5)
  A white imp (D:5)
  2 ufetubi (D:5)
  2 dart slugs
  A ribbon worm (D:3)
  10 orcs
  4 bats
  9 endoplasms
  13 hobgoblins
  15 jackals
  9 kobolds
  5 quokkas
  7 ball pythons
  5 frilled lizards
  12 goblins
  3 rats (D:2)
126 creatures vanquished.

Notes
Turn   | Place    | Note
-------+----------+-------------------------------------------
     0 | D:1      | graki42 the Octopode Shapeshifter began the quest for the
                  | Orb.
     0 | D:1      | Reached XP level 1. HP: 13/13 MP: 1/1
    60 | D:1      | Found a faded altar of an unknown god.
   227 | D:1      | Reached XP level 2. HP: 18/18 MP: 2/2
   297 | D:1      | Reached skill level 1 in Stealth
   410 | D:1      | Reached XP level 3. HP: 20/23 MP: 3/3
  1183 | D:2      | Found a shadowy altar of Dithmenos.
  1480 | D:3      | Reached XP level 4. HP: 28/28 MP: 4/4
  1549 | D:3      | Found Uromig's Magic Scroll Shop.
  1574 | D:3      | Found Aluc's Jewellery Boutique.
  1575 | D:3      | Bought a scroll of identify for 24 gold pieces
  1575 | D:3      | Bought a scroll of identify for 24 gold pieces
  1640 | D:3      | Found Loniur's Antique Weapon Boutique.
  2102 | D:3      | Found Difymm's Antique Weapon Shoppe.
  2288 | D:4      | Noticed Robin
  2307 | D:4      | Killed Robin
  2308 | D:4      | Reached XP level 5. HP: 34/34 MP: 5/5
  2356 | D:4      | Reached skill level 4 in Shapeshifting
  2532 | D:4      | Found a burning altar of Makhleb.
  2831 | D:4      | Reached XP level 6. HP: 26/39 MP: 6/6
  3273 | D:5      | Entered Level 5 of the Dungeon
  3754 | D:5      | Noticed a black bear
  3786 | D:5      | Killed a black bear
  3787 | D:5      | Reached XP level 7. HP: 24/45 MP: 7/7
  3876 | D:5      | Reached skill level 5 in Shapeshifting
  4132 | D:5      | Found a staircase to the Ecumenical Temple.
  4142 | Temple   | Entered the Ecumenical Temple
  4720 | D:5      | Reached XP level 8. HP: 52/52 MP: 8/8
  5012 | D:6      | Mangled by a centaur

Illustrated notes

Levels and vault maps discovered:
D:1:      roderic_crop_circles_arrival_small, layout_loops_ring,
          hellmonk_ecumenical_altar_heavens_door, roderic_filled_cross
D:2:      layout_basic, basic_altar
D:3:      layout_basic, serial_shops, shop, nicolae_shop_crystal, shop,
          nicolae_shop_temple_entry_statues_fountains
D:4:      layout_loops_corners, overflow_temple_1_default, uniq_robin
D:5:      layout_rooms, minmay_temple_entry_proselytizer,
          serial_library_hellmonk_recessed_alcove, minivault_27,
          chequers_arboretum
D:6:      layout_gridville, marbit_many_paths, gup_sewer_entry_pipe,
          nicolae_the_louvre, uniq_grinder
Temple:   nicolae_temple_x_marks_the_god

Skill      XL: |  1  2  3  4  5  6  7 |
---------------+----------------------+-----
Stealth        | 1 2 3 4 |  4.8
Fighting       | 2 3 |  3.5
Shapeshifting  | 4 5 |  5.6
Dodging        | 3 4 |  4.1
Unarmed Combat | 4 |  4.7

Action                     |  1- 3 |  4- 6 |  7- 9 || total
---------------------------+-------+-------+-------++-------
  Melee: Unarmed           |    85 |    11 |       ||    96
         Constrict         |    22 |    38 |     9 ||    69
         Tentacles         |    11 |    24 |    14 ||    49
         Dagger            |       |   112 |    51 ||   163
         Punch             |       |     6 |     3 ||     9
    Use: Scroll            |       |     2 |     5 ||     7
   Stab: Sleeping          |    11 |    10 |     2 ||    23
 Armour: Skin              |    26 |    55 |    33 ||   114
  Dodge: Dodged            |    41 |    56 |    45 ||   142

Table legend: (Time is in decaauts)
 A = Elapsed time spent in this place.
 B = Non-inter-level travel time spent in this place.
 C = Inter-level travel time spent in this place.
 D = Time resting spent in this place.
 E = Time spent auto-exploring this place.
 F = Levels seen in this place.
 G = Mean time per level.
                   A        B        C        D        E       F      G
               +--------+--------+--------+--------+--------+-----+--------+
         Total |   5010 |   4889 |    121 |    861 |   3192 |   7 |  715.7 |
       Dungeon |   5008 |   4887 |    121 |    861 |   3192 |   6 |  834.7 |
        Temple |      1 |      1 |      0 |      0 |      0 |   1 |    1.0 |
               +--------+--------+--------+--------+--------+-----+--------+

Top non-repeatable levels by time:
     D:4: 1610 daAuts
     D:5: 1160 daAuts
     D:1: 875 daAuts
     D:3: 693 daAuts
     D:2: 554 daAuts
     D:6: 113 daAuts
  Temple: 1 daAuts
